 Dungeon Crawl Stone Soup version 0.20-a0-1017-gc3250ce (webtiles) character file.

36 inmateoo the Insei (level 3, 0/29 HPs)
             Began as a Draconian Transmuter on Apr 16, 2017.
             Slain by an orc
             ... wielding a +0 falchion
              (3 damage)
             ... on level 3 of the Dungeon.
             The game lasted 00:01:55 (1404 turns).

inmateoo the Insei (Draconian Transmuter)           Turns: 1404, Time: 00:01:56

Health: 0/29       AC:  6    Str: 17    XL:     3   Next: 19%
Magic:  1/6        EV: 12    Int: 13    God:
Gold:   50         SH:  0    Dex: 12    Spells: 3/6 levels left

rFire    . . .     SeeInvis .     - Unarmed
rCold    . . .     Gourm    .   (no shield)
rNeg     . . .     Faith    .   (armour unavailable)
rPois    .         Spirit   .   d - +1 hat
rElec    .         Reflect  .   (no cloak)
rCorr    .         Harm     .   (no gloves)
MR       .....                  (no boots)
Stlth    +.........             (no amulet)
Regen    0.1/turn               (no ring)
MPRegen  0.1/turn               (no ring)

@: mighty, lethally poisoned (0 -> -2), very slightly contaminated
A: unfitting armour, cold-blooded, AC +5
a: no special abilities


You were on level 3 of the Dungeon.
You were not hungry.

You visited 1 branch of the dungeon, and saw 3 of its levels.

You collected 50 gold pieces.

Inventory:

Missiles
 a - 10 arrows
 i - 2 javelins (quivered)
Armour
 d - a +1 hat (worn)
Scrolls
 e - 3 scrolls of identify {unknown}
 k - a scroll of enchant armour {unknown}
Potions
 f - a potion of ambrosia {unknown}
 h - 2 potions of might
 j - 3 potions of lignification {unknown}
Books
 b - a book of Changes

   Spells                             Type                      Level
   a - Beastly Appendage              Transmutation                1
   b - Sticks to Snakes               Transmutation                2
   c - Spider Form                    Transmutation/Poison         3
   d - Ice Form                       Ice/Transmutation            4
   e - Blade Hands                    Transmutation                5
Comestibles
 c - a bread ration
 g - a royal jelly


   Skills:
 + Level 1.8 Fighting
 + Level 2.1 Dodging
 * Level 3.3 Unarmed Combat
 + Level 2.1 Spellcasting
 + Level 2.6 Transmutations


You had 3 spell levels left.
You knew the following spells:

 Your Spells              Type           Power        Failure   Level  Hunger
a - Beastly Appendage     Tmut           #.....       10%         1    ##.....
b - Sticks to Snakes      Tmut           #.......     14%         2    ###....


Dungeon Overview and Level Annotations

Branches:
Dungeon (3/15)

Altars:
Vehumet


Innate Abilities, Weirdness & Mutations

Your plain brown scales are hard. (AC +5)
You cannot fit into any form of body armour.
You are cold-blooded and may be slowed by cold attacks.


Message History

The adder bites you.
* * * LOW HITPOINT WARNING * * *
You closely miss the adder. You tail-slap the adder.
You kill the adder!
You have reached level 3!
Your experience leads to an increase in your attributes!
Increase (S)trength, (I)ntelligence, or (D)exterity?
You feel agile.
Your scales feel tougher.
You feel sick.
Okay, then.
It was a potion of might.
You feel very mighty all of a sudden. The orc hits you with a falchion.
* * * LOW HITPOINT WARNING * * *
Okay, then.
You hit the orc.
Your tail-slap misses the orc.
The orc is severely wounded.
* * * LOW HITPOINT WARNING * * *
You feel sick. The orc hits you with a falchion.
You die...

### ..# #.#
###########.#
#........##.#
#####'######.##@#
##......#####.##o#
........#......#b#
........#......#.#
........#......#.######
##......#...............
........#####o##########
##......# #.# #......#
#o#


You could see an orc and a bat.

Vanquished Creatures
  An adder (D:3)
  A worm (D:3)
  A dart slug (D:1)
  A leopard gecko (D:3)
  2 giant cockroaches (D:2)
  A hobgoblin (D:1)
  2 jackals (D:3)
  2 kobolds
  A quokka (D:3)
  2 bats (D:3)
  A frilled lizard (D:3)
  3 goblins
  3 rats
21 creatures vanquished.

Notes
Turn   | Place    | Note
-------+----------+-------------------------------------------
     0 | D:1      | inmateoo the Draconian Transmuter began the quest for the Orb.
     0 | D:1      | Reached XP level 1. HP: 16/16 MP: 3/3
   192 | D:1      | You fall through a shaft!
   227 | D:2      | Reached XP level 2. HP: 23/23 MP: 5/5
   231 | D:2      | Learned a level 2 spell: Sticks to Snakes
   454 | D:3      | Found a radiant altar of Vehumet.
  1401 | D:3      | Reached XP level 3. HP: 9/29 MP: 0/6
  1404 | D:3      | Slain by an orc

Vault maps used:
D:1:      dpeg_arrival_tiny_k, minmay_misc_feat_tiny, glass_columns_a,
          minivault_24, st_stairs_9, minmay_pentomino_q4
D:3:      nicolae_overflow_crystal_walls

Skill      XL: |  1  2 |
---------------+-------+-----
Dodging        | 2 |  2.1
Fighting       | |  1.8
Unarmed Combat | |  3.3
Spellcasting   | |  2.1
Transmutations | |  2.6

Action                   || total
-------------------------++-------
Melee: Unarmed           ||   115
       Tailslap          ||     9
       Punch             ||     2
       Kick              ||     2
 Cast: Beastly Appendage ||     7
       Sticks to Snakes  ||     2
  Use: Potion            ||     1
  Eat: Royal jelly       ||     1
Armor: Skin              ||    51
Dodge: Dodged            ||    96
